 Dungeon Sprint DCSS version 0.28-a0-71-g84acfa7270 (webtiles) character file.

Game seed: 17825049391311589364

1214 Zeldest the Martial Artist (level 8, -11/48 HPs)
             Began as a Vine Stalker Transmuter on Aug 2, 2021.
             Was a Believer of Cheibriados.
             Mangled by a boulder beetle (15 damage)
             ... in the Dungeon (Sprint IX: "|||||||||||||||||||||||||||||").
             The game lasted 00:02:42 (169 turns).

Zeldest the Martial Artist (Vine Stalker Transmuter) Turns: 169, Time: 00:02:42

Health: -11/48     AC: 10    Str: 20    XL:     8   Next: 46%
Magic:  0/13       EV: 15    Int: 19    God:    Cheibriados [**....]
Gold:   0          SH:  0    Dex: 22    Spells: 8/11 levels left

rFire   . . .      SeeInvis .     - Unarmed
rCold   . . .      Faith    .   (no shield)
rNeg    . . .      Spirit   +   j - +2 ring mail
rPois   .          Reflect  .   (helmet currently unavailable)
rElec   .          Harm     .   h - +0 cloak
rCorr   .          Rampage  .   (no gloves)
Will    +....      NoTele   +   (boots currently unavailable)
Stlth   +.........              (no amulet)
HPRegen 1.16/turn               k - +2 ring of protection
MPRegen 0.13/turn               (no ring)

@: appendages, very slow
A: horns 2, talons 2, fangs 3, regeneration 1, magic shield, antimagic bite, no
potion heal 2
a: End Transformation, Renounce Religion, Bend Time


You were in the Dungeon.
You worshipped Cheibriados.
Cheibriados was pleased with you.
You had temporarily grown beastly horns and talons.
You visited 1 branch

Inventory:

Armour
 a - a +0 robe
 h - a +0 cloak (worn)
 i - a +0 pair of boots (melded)
 j - a +2 ring mail (worn)
Jewellery
 k - a +2 ring of protection (left hand)
 l - a +3 ring of intelligence
Wands
 g - a wand of iceblast (8)
Scrolls
 e - 2 scrolls of amnesia
Potions
 b - 5 potions of curing
 d - a potion of magic


   Skills:
 + Level 8.3 Fighting
 + Level 5.8 Dodging
 + Level 11.2 Unarmed Combat
 - Level 2.1 Spellcasting
 + Level 7.0 Transmutations
 + Level 6.5 Invocations


You had 8 spell levels left.
You knew the following spells:

 Your Spells              Type           Power      Damage    Failure   Level
a - Beastly Appendage     Tmut           56%        N/A       1%          1
b - Wereblood             Tmut           28%        N/A       2%          2

Your spell library contained the following spells:

 Spells                   Type           Power      Damage    Failure   Level
 Spider Form              Tmut/Pois      7%         N/A       21%         3
 Ice Form                 Ice/Tmut       15%        N/A       56%         4


Dungeon Overview and Level Annotations

Branches:
Dungeon (1/1)

Altars:
Cheibriados
Dithmenos
Elyvilon
Fedhas
Gozag
Hepliaklqana
Kikubaaqudgha
Makhleb
Nemelex Xobeh
Okawaru
Qazlal
Ru
Sif Muna
Trog
Uskayaw
Vehumet
Wu Jian
Xom
Yredelemnul
Zin
The Shining One
Beogh
Jiyva
Lugonu


Innate Abilities, Weirdness & Mutations

You have temporarily grown beastly horns and talons.
You have razor-sharp teeth.
Your natural rate of healing is unusually fast.
When hurt, damage is shared between your health and your magic reserves.
Your bite disrupts and absorbs the magic of your enemies.
Potions cannot restore your health.


Message History

The centaur warrior hits you but does no damage.
The centaur warrior kicks you but does no damage.
Casting: Beastly Appendage (safe; 1% risk of failure)
Confirm with . or Enter, or press ? or * to list all spells.
You grow a pair of large bovine horns.
Your feet morph into talons.
Your +0 pair of boots melds into your body.
The centaur warrior closely misses you.
The centaur warrior kicks you but does no damage.
Magic courses through your body. The centaur warrior barely misses you.
The centaur warrior closely misses you.
You hit the centaur warrior. Your kick misses the centaur warrior.
Your bite misses the centaur warrior.
The centaur warrior is lightly wounded.
The centaur warrior hits you.
* * * LOW HITPOINT WARNING * * *
The centaur warrior kicks you but does no damage.
The boulder beetle leaps!
Okay, then.
You hit the centaur warrior. Your kick misses the centaur warrior.
You bite the centaur warrior. You drain its power.
You feel invigorated.
The centaur warrior is lightly wounded.
The centaur warrior hits you but does no damage.
The centaur warrior kicks you.
* * * LOW HITPOINT WARNING * * *
You punch the centaur warrior!
You claw the centaur warrior, but do no damage.
Your bite misses the centaur warrior.
The centaur warrior is heavily wounded.
The centaur warrior misses you. The centaur warrior kicks you.
* * * LOW HITPOINT WARNING * * *
Your magical contamination has completely faded away.
You hit the centaur warrior. Your kick misses the centaur warrior.
You bite the centaur warrior, but do no damage.
The centaur warrior is heavily wounded.
The centaur warrior hits you.
* * * LOW HITPOINT WARNING * * *
The centaur warrior kicks you.
* * * LOW HITPOINT WARNING * * *
The boulder beetle bites you!!
You die...

▓+▓
▓.▓
▓l▓
▓u▓
▓○▓
▓R▓
▓c▓
▓@▓
▓B▓
▓)▓
▓.▓
▓.▓
▓†▓
▓)▓
▓'▓
▓.▓


You could see a boulder beetle, a cyan ugly thing, a centaur warrior (slow), an
efreet and a basilisk.

Vanquished Creatures
  A two-headed ogre (D)
  A wraith (D)
  An acid dragon (D)
  A sky beast (D)
  A centaur (D)
  A gnoll sergeant (D)
  A gnoll shaman (D)
  A jelly (D)
  An orc wizard (D)
  An adder skeleton (D)
  A dart slug (D)
  A bat skeleton (D)
  An endoplasm (D)
  A giant cockroach (D)
  A goblin (D)
  A rat (D)
16 creatures vanquished.

Vanquished Creatures (others)
  An acid dragon (D)
1 creature vanquished.

Grand Total: 17 creatures vanquished

Notes
Turn   | Place    | Note
-------+----------+-------------------------------------------
     0 | D        | Zeldest the Vine Stalker Transmuter began the quest for the
                  | Orb.
     0 | D        | Reached XP level 1. HP: 9/9 MP: 4/4
     7 | D        | Reached skill level 1 in Fighting
     7 | D        | Banished a spatial maelstrom
    15 | D        | Reached skill level 4 in Unarmed Combat
    21 | D        | Reached XP level 2. HP: 8/15 MP: 4/6
    26 | D        | Noticed a sky beast
    31 | D        | Reached skill level 6 in Unarmed Combat
    31 | D        | Reached XP level 3. HP: 10/20 MP: 2/7
    37 | D        | Killed a sky beast
    38 | D        | Reached skill level 5 in Fighting
    38 | D        | Reached skill level 8 in Unarmed Combat
    38 | D        | Gained mutation: Your natural rate of healing is unusually
                  | fast. [Vine Stalker growth]
    38 | D        | Reached XP level 4. HP: 14/27 MP: 8/8
    38 | D        | Reached XP level 5. HP: 16/30 MP: 9/9
    40 | D        | Reached skill level 9 in Unarmed Combat
    47 | D        | Found a snail-covered altar of Cheibriados.
    47 | D        | Found a shadowy altar of Dithmenos.
    47 | D        | Found a white marble altar of Elyvilon.
    47 | D        | Found a blossoming altar of Fedhas.
    47 | D        | Found an opulent altar of Gozag.
    48 | D        | Found a hazy altar of Hepliaklqana.
    49 | D        | Found a viscous altar of Jiyva.
    50 | D        | Found an ancient bone altar of Kikubaaqudgha.
    51 | D        | Became a worshipper of Cheibriados the Contemplative
    52 | D        | Found a corrupted altar of Lugonu.
    53 | D        | Found a burning altar of Makhleb.
    54 | D        | Found a sparkling altar of Nemelex Xobeh.
    55 | D        | Found an iron altar of Okawaru.
    56 | D        | Found a stormy altar of Qazlal.
    57 | D        | Found a sacrificial altar of Ru.
    58 | D        | Found a shimmering blue altar of Sif Muna.
    59 | D        | Found a bloodstained altar of Trog.
    60 | D        | Found a hide-covered altar of Uskayaw.
    61 | D        | Found a radiant altar of Vehumet.
    62 | D        | Found an ornate altar of the Wu Jian Council.
    63 | D        | Found a shimmering altar of Xom.
    64 | D        | Found a basalt altar of Yredelemnul.
    65 | D        | Found a glowing silver altar of Zin.
    66 | D        | Found a glowing golden altar of the Shining One.
    75 | D        | Found the +8 autumn katana {vorpal, Clar}
   114 | D        | Learned a level 2 spell: Wereblood
   116 | D        | Noticed a centaur
   116 | D        | Noticed an acid dragon
   116 | D        | Noticed a wraith
   116 | D        | Noticed an acid dragon
   122 | D        | Killed an acid dragon
   123 | D        | Reached XP level 6. HP: 34/36 MP: 7/10
   132 | D        | Killed a wraith
   132 | D        | Reached * piety under Cheibriados
   133 | D        | Reached skill level 10 in Unarmed Combat
   138 | D        | Reached XP level 7. HP: 36/42 MP: 11/11
   140 | D        | Reached ** piety under Cheibriados
   141 | D        | Reached skill level 5 in Transmutations
   150 | D        | Noticed a cyan ugly thing
   150 | D        | Noticed a basilisk
   150 | D        | Noticed an efreet
   150 | D        | Noticed a boulder beetle
   150 | D        | Noticed a centaur warrior
   150 | D        | Noticed a two-headed ogre
   160 | D        | Killed a two-headed ogre
   161 | D        | Reached skill level 5 in Dodging
   161 | D        | Reached skill level 11 in Unarmed Combat
   161 | D        | Gained mutation: You have razor-sharp teeth. [Vine Stalker
                  | growth]
   161 | D        | Reached XP level 8. HP: 3/48 MP: 5/13
   169 | D        | Mangled by a boulder beetle

Illustrated notes

Levels and vault maps discovered:
D:        linesprint [early_d, line_temple, items_1, d_10, items_2, lair_1,
          lair_end, items_3, orc_1, orc_end, items_4, d_15, swamp_1, shoals_1,
          snake_1, spider_1, d_20, vaults_1, items_5, swamp_end, shoals_end,
          snake_end, spider_end, vaults_end, d_27, items_6, zot_1, zot_end,
          crypt_end, forest_end, elf_end, slime_end, tomb_end, abyss_end,
          pan_hell_end]

Skill      XL: |  1  2  3  4  5  6  7 |
---------------+----------------------+-----
Fighting       | 2 3 5 6 7 8 |  8.3
Unarmed Combat | 4 6 8 9 10 11 | 11.2
Dodging        | 2 4 5 |  5.8
Transmutations | 3 4 7 |  7.0
Invocations    | 2 4 6 |  6.5
Spellcasting   | |  2.1

Action                   |  1- 3 |  4- 6 |  7- 9 || total
-------------------------+-------+-------+-------++-------
Melee: Unarmed           |    24 |    23 |    15 ||    62
       Bite              |     6 |    11 |     9 ||    26
       Headbutt          |     2 |     3 |       ||     5
       Punch             |     2 |     2 |     1 ||     5
       Kick              |       |     2 |     1 ||     3
 Cast: Beastly Appendage |     1 |     1 |     1 ||     3
Invok: Bend Time         |       |       |     1 ||     1
Evoke: Wand              |       |       |     2 ||     2
  Use: Potion            |     2 |     1 |     3 ||     6
       Scroll            |       |       |     2 ||     2
 Stab: Invisible         |       |     4 |     3 ||     7
       Sleeping          |       |       |     1 ||     1
Armor: Robe              |     1 |       |       ||     1
       Ring mail         |       |     8 |     8 ||    16
Dodge: Dodged            |     8 |    10 |    23 ||    41

Table legend: (Time is in decaauts)
 A = Elapsed time spent in this place.
 B = Non-inter-level travel time spent in this place.
 C = Inter-level travel time spent in this place.
 D = Time resting spent in this place.
 E = Time spent auto-exploring this place.
 F = Levels seen in this place.
 G = Mean time per level.
                   A        B        C        D        E       F      G
               +--------+--------+--------+--------+--------+-----+--------+
         Total |    168 |    168 |      0 |      0 |      0 |   1 |  168.0 |
       Dungeon |    168 |    168 |      0 |      0 |      0 |   1 |  168.0 |
               +--------+--------+--------+--------+--------+-----+--------+

Top non-repeatable levels by time:
       D: 168 daAuts
